PBL
PARIS CUBS @ NEW JERSEY DEVILS
06/12/2048
 
TOP OF THE 1ST
Paris Cubs batting - Pitching for New Jersey Devils : LHP Chris Fox
Pitching: LHP Chris Fox
Batting: RHB Jason Banks 0-0: SINGLE (Groundball, 6MD, EV 94.4 MPH)
Batting: RHB Juan Tarin 0-0: Fly out, F9 (Flyball, 89M, EV 74.4 MPH)
Batting: LHB Jeremy Rideout 0-0: Ball
1-0: Ball
2-0: Ball
3-0: Called Strike
3-1: Fly out, F5 (Popup, 25F, EV 81.9 MPH)
Batting: LHB David Mendez 0-0: Ball
1-0: Ball
2-0: SINGLE (Line Drive, 89S, EV 109.4 MPH)
Jason Banks to second
Batting: RHB Jesus Resendez 0-0: Ball
1-0: Ball
2-0: Fielders Choice at 2nd, 6-4 (Groundball, 6, EV 86.2 MPH)
Top of the 1st over - 0 runs, 2 hits, 0 errors, 2 left on base; Paris 0 - New Jersey 0
BOTTOM OF THE 1ST
New Jersey Devils batting - Pitching for Paris Cubs : LHP Noah Hornby
Pitching: LHP Noah Hornby
Batting: SHB Ernesto Mazas 0-0: Called Strike
0-1: Called Strike
0-2: Ball
1-2: Strikes out swinging
Batting: RHB Jacob Olander 0-0: Fly out, F7 (Flyball, 7, EV 81.9 MPH)
Batting: RHB Eric Zylstra 0-0: Called Strike
0-1: Ball
1-1: Foul Ball, location: 2F
1-2: Ball
2-2: Ball
3-2: Fly out, F8 (Flyball, 8RS, EV 79.4 MPH)
Bottom of the 1st over - 0 runs, 0 hits, 0 errors, 0 left on base; Paris 0 - New Jersey 0
TOP OF THE 2ND
Paris Cubs batting - Pitching for New Jersey Devils : LHP Chris Fox
Batting: LHB Jonathon Lewis 0-0: Ball
1-0: Swinging Strike
1-1: Called Strike
1-2: Strikes out swinging
Batting: RHB Michihisa Tanaka 0-0: Ball
1-0: SINGLE (Groundball, 6MD, EV 101.9 MPH)
Batting: RHB Willie Rubio 0-0: Swinging Strike
0-1: Foul Ball, location: 2F
0-2: Strikes out swinging
Batting: RHB Cliff Caudle 0-0: Called Strike
0-1: Ball
1-1: Ball
2-1: SINGLE (Line Drive, 4MD, EV 104.4 MPH)
Michihisa Tanaka to second
Batting: RHB Jason Banks 0-0: Fly out, F4 (Popup, 3S, EV 83.8 MPH)
Top of the 2nd over - 0 runs, 2 hits, 0 errors, 2 left on base; Paris 0 - New Jersey 0
BOTTOM OF THE 2ND
New Jersey Devils batting - Pitching for Paris Cubs : LHP Noah Hornby
Batting: RHB Juan Medina 0-0: Called Strike
0-1: Ball
1-1: Called Strike
1-2: Strikes out swinging
Batting: RHB Craig Alvarado 0-0: Ball
1-0: Called Strike
1-1: Swinging Strike
1-2: Ball
2-2: SINGLE (Groundball, 25, EV 66.9 MPH) (infield hit)
Batting: LHB Rick Vallis 0-0: Ball
Wild Pitch!
Craig Alvarado to second
1-0: Foul Ball, location: 2F
1-1: Foul Ball, location: 2F
1-2: Foul Ball, location: 2F
1-2: Ball
2-2: Strikes out swinging
Batting: RHB Sergio Andrada 0-0: Foul Ball, location: 2F
0-1: Fly out, F4 (Popup, 4D, EV 75.6 MPH)
Bottom of the 2nd over - 0 runs, 1 hit, 0 errors, 1 left on base; Paris 0 - New Jersey 0
TOP OF THE 3RD
Paris Cubs batting - Pitching for New Jersey Devils : LHP Chris Fox
Batting: RHB Juan Tarin 0-0: Called Strike
0-1: Swinging Strike
0-2: Foul Ball, location: 2F
0-2: Ball
1-2: Foul Ball, location: 2F
1-2: Strikes out looking
Batting: LHB Jeremy Rideout 0-0: SINGLE (Groundball, 34D, EV 100.0 MPH)
Batting: LHB David Mendez 0-0: Called Strike
0-1: Called Strike
0-2: Ball
1-2: Ball
2-2: Ball
3-2: Foul Ball, location: 2F
3-2: Foul Ball, location: 2F
3-2: Strikes out swinging
Batting: RHB Jesus Resendez 0-0: Ball
1-0: Foul Ball, location: 2F
1-1: 2-RUN HOME RUN (Flyball, 9D, EV 96.9 MPH), Distance : 355 ft
Batting: LHB Jonathon Lewis 0-0: Ball
1-0: SINGLE (Line Drive, 34D, EV 94.4 MPH)
Batting: RHB Michihisa Tanaka 0-0: Foul Ball, location: 2F
0-1: Ball
1-1: Ball
2-1: Foul Ball, location: 2F
2-2: Ball
3-2: Foul Ball, location: 2F
3-2: Strikes out swinging
Top of the 3rd over - 2 runs, 3 hits, 0 errors, 1 left on base; Paris 2 - New Jersey 0
BOTTOM OF THE 3RD
New Jersey Devils batting - Pitching for Paris Cubs : LHP Noah Hornby
Batting: RHB Oscar Ramirez 0-0: Called Strike
0-1: Ball
1-1: Ground out 5-3 (Groundball, 56S, EV 80.0 MPH)
Batting: RHB Carlos Saldivar 0-0: Ball
1-0: Foul Ball, location: 2F
1-1: Foul Ball, location: 2F
1-2: Strikes out swinging
Batting: SHB Ernesto Mazas 0-0: Ball
1-0: Called Strike
1-1: Ball
2-1: SOLO HOME RUN (Flyball, 7D, EV 98.8 MPH), Distance : 376 ft
Batting: RHB Jacob Olander 0-0: Called Strike
0-1: Ground out 6-3 (Groundball, 6D, EV 97.5 MPH)
Bottom of the 3rd over - 1 run, 1 hit, 0 errors, 0 left on base; Paris 2 - New Jersey 1
TOP OF THE 4TH
Paris Cubs batting - Pitching for New Jersey Devils : LHP Chris Fox
Batting: RHB Willie Rubio 0-0: Called Strike
0-1: Ball
1-1: Ball
2-1: Swinging Strike
2-2: Strikes out swinging
Batting: RHB Cliff Caudle 0-0: Foul Ball, location: 2F
0-1: Ball
1-1: Ball
2-1: Called Strike
2-2: Strikes out looking
Batting: RHB Jason Banks 0-0: Ball
1-0: Swinging Strike
1-1: Ball
2-1: Ball
3-1: SINGLE (Groundball, P, EV 88.1 MPH) (infield hit)
Batting: RHB Juan Tarin 0-0: SINGLE (Flyball, 9S, EV 90.0 MPH)
Jason Banks to second
Runner from 2nd tries for 3rd, SAFE, throw by RF made to third
Batting: LHB Jeremy Rideout 0-0: Ball
1-0: Foul Ball, location: 2F
1-1: Foul Ball, location: 2F
1-2: Ball
2-2: Ball
3-2: Foul Ball, location: 2F
3-2: Foul Ball, location: 2F
3-2: Foul Ball, location: 2F
3-2: Strikes out swinging
Top of the 4th over - 0 runs, 2 hits, 0 errors, 2 left on base; Paris 2 - New Jersey 1
BOTTOM OF THE 4TH
New Jersey Devils batting - Pitching for Paris Cubs : LHP Noah Hornby
Batting: RHB Eric Zylstra 0-0: Called Strike
0-1: Swinging Strike
0-2: Foul Ball, location: 2F
0-2: Ball
1-2: Foul Ball, location: 2F
1-2: Foul Ball, location: 2F
1-2: SINGLE (Groundball, 4, EV 98.1 MPH)
Batting: RHB Juan Medina 0-0: Ball
Passed Ball!
Eric Zylstra to second
1-0: Foul Ball, location: 2F
1-1: Foul Ball, location: 2F
1-2: Foul Ball, location: 2F
1-2: Ground out 3-1 (Groundball, 34, EV 100.6 MPH)
Eric Zylstra to third
Batting: RHB Craig Alvarado 0-0: Ball
1-0: Called Strike
1-1: Foul Ball, location: 2F
1-2: Ball
2-2: Ground out 4-3 (Groundball, 4, EV 101.9 MPH)
Eric Zylstra scores
Batting: LHB Rick Vallis 0-0: Fly out, F9 (Line Drive, 89S, EV 106.9 MPH)
Bottom of the 4th over - 1 run, 1 hit, 0 errors, 0 left on base; Paris 2 - New Jersey 2
TOP OF THE 5TH
Paris Cubs batting - Pitching for New Jersey Devils : LHP Chris Fox
Batting: LHB David Mendez 0-0: Ball
1-0: Called Strike
1-1: Foul Ball, location: 2F
1-2: Ball
2-2: Ball
3-2: Strikes out looking
Batting: RHB Jesus Resendez 0-0: Foul Ball, location: 2F
0-1: Ball
1-1: Ball
2-1: Fly out, F8 (Flyball, 8LM, EV 95.6 MPH)
Batting: LHB Jonathon Lewis 0-0: Called Strike
0-1: Ball
1-1: Foul Ball, location: 2F
1-2: Fly out, F7 (Flyball, 7D, EV 98.1 MPH)
Top of the 5th over - 0 runs, 0 hits, 0 errors, 0 left on base; Paris 2 - New Jersey 2
BOTTOM OF THE 5TH
New Jersey Devils batting - Pitching for Paris Cubs : LHP Noah Hornby
Batting: RHB Sergio Andrada 0-0: Ball
1-0: Foul Ball, location: 2F
1-1: Ground out 4-3 (Groundball, 34, EV 109.4 MPH)
Batting: RHB Oscar Ramirez 0-0: Foul Ball, location: 2F
0-1: Fly out, F9 (Flyball, 89M, EV 87.5 MPH)
Batting: RHB Carlos Saldivar 0-0: Ball
1-0: Called Strike
1-1: Ball
2-1: Hit by Pitch
Batting: SHB Ernesto Mazas 0-0: Ball
1-0: Swinging Strike
1-1: Swinging Strike
1-2: Ball
2-2: SINGLE (Groundball, 25, EV 75.0 MPH) (infield hit)
Carlos Saldivar to second
Pitching: RHP Justin Rodrigues
Batting: RHB Jacob Olander 0-0: Ball
1-0: Ball
Passed Ball!
Carlos Saldivar to third
Ernesto Mazas to second
2-0: Swinging Strike
2-1: Swinging Strike
2-2: SINGLE (Line Drive, 56D, EV 95.6 MPH)
Carlos Saldivar scores
Ernesto Mazas to third
Runner from 3rd tries for Home, SAFE, throw by LF to home
Batting: RHB Eric Zylstra 0-0: Called Strike
0-1: Foul Ball, location: 2F
0-2: Ball
1-2: Ball
2-2: Ball
Wild Pitch!
Jacob Olander to second
3-2: Base on Balls
Batting: RHB Juan Medina 0-0: Called Strike
0-1: Ball
1-1: Fielders Choice at 2nd, 5-4 (Groundball, 56, EV 92.5 MPH)
Bottom of the 5th over - 2 runs, 2 hits, 0 errors, 2 left on base; Paris 2 - New Jersey 4
TOP OF THE 6TH
Paris Cubs batting - Pitching for New Jersey Devils : LHP Chris Fox
Batting: RHB Michihisa Tanaka 0-0: Ball
1-0: Ball
2-0: Called Strike
2-1: Fly out, F8 (Flyball, 8RS, EV 85.6 MPH)
Batting: RHB Willie Rubio 0-0: Fly out, F4 (Line Drive, 4, EV 66.2 MPH)
Batting: RHB Cliff Caudle 0-0: Swinging Strike
0-1: Foul Ball, location: 2F
0-2: Strikes out looking
Top of the 6th over - 0 runs, 0 hits, 0 errors, 0 left on base; Paris 2 - New Jersey 4
BOTTOM OF THE 6TH
New Jersey Devils batting - Pitching for Paris Cubs : RHP Justin Rodrigues
Batting: RHB Craig Alvarado 0-0: Ball
1-0: Ball
2-0: Foul Ball, location: 2F
2-1: Ground out 6-3 (Groundball, 6S, EV 92.5 MPH)
Batting: LHB Rick Vallis 0-0: Called Strike
0-1: Swinging Strike
0-2: Hit by Pitch
Batting: RHB Sergio Andrada 0-0: Ball
1-0: Called Strike
1-1: Ball
2-1: DOUBLE (Flyball, 78XD, EV 110.0 MPH)
Rick Vallis to third
Runner from 3rd tries for Home, SAFE, no throw by LF
Batting: RHB Oscar Ramirez 0-0: Ground out 6-3 (Groundball, 6, EV 110.0 MPH)
Batting: RHB Carlos Saldivar 0-0: Called Strike
0-1: Ball
1-1: Ball
2-1: Ball
3-1: Fly out, F9 (Flyball, 9D, EV 97.5 MPH)
Bottom of the 6th over - 1 run, 1 hit, 0 errors, 1 left on base; Paris 2 - New Jersey 5
TOP OF THE 7TH
Paris Cubs batting - Pitching for New Jersey Devils : LHP Chris Fox
Batting: RHB Jason Banks 0-0: Ball
1-0: Foul Ball, location: 2F
1-1: Called Strike
1-2: SINGLE (Line Drive, 9LS, EV 101.9 MPH)
Batting: RHB Juan Tarin 0-0: Ball
Jason Banks is caught stealing 2nd base 2-4
1-0: Called Strike
1-1: Ball
2-1: Fly out, F8 (Line Drive, 8RD, EV 90.0 MPH)
Batting: LHB Jeremy Rideout 0-0: Foul Ball, location: 2F
0-1: Ball
1-1: Swinging Strike
1-2: Foul Ball, location: 2F
1-2: Ball
2-2: Strikes out swinging
Top of the 7th over - 0 runs, 1 hit, 0 errors, 0 left on base; Paris 2 - New Jersey 5
BOTTOM OF THE 7TH
New Jersey Devils batting - Pitching for Paris Cubs : RHP Justin Rodrigues
Batting: SHB Ernesto Mazas 0-0: Called Strike
0-1: Ball
1-1: Ball
2-1: Foul Ball, location: 2F
2-2: Ball
3-2: Foul Ball, location: 2F
3-2: Ground out 4-3 (Groundball, 4, EV 99.4 MPH)
Pitching: LHP Dusty Blubaugh
Batting: RHB Jacob Olander 0-0: Ball
1-0: Ball
2-0: Ground out 5-3 (Groundball, 56, EV 106.9 MPH)
Batting: RHB Eric Zylstra 0-0: Called Strike
0-1: Called Strike
0-2: Strikes out looking
Bottom of the 7th over - 0 runs, 0 hits, 0 errors, 0 left on base; Paris 2 - New Jersey 5
TOP OF THE 8TH
Paris Cubs batting - Pitching for New Jersey Devils : LHP Chris Fox
Pitching: RHP Mike Whitaker
Batting: LHB David Mendez 0-0: Ball
1-0: Ball
2-0: Ball
3-0: Base on Balls
Pinch Hitting: LHB Tyler Schuettler 0-0: Foul Ball, location: 2F
0-1: Ball
1-1: Ball
2-1: Foul Ball, location: 2F
2-2: Strikes out swinging
Batting: LHB Jonathon Lewis 0-0: Ball
1-0: Ball
2-0: Called Strike
2-1: Foul Ball, location: 2F
2-2: Foul Ball, location: 2F
2-2: Ball
3-2: Foul Ball, location: 2F
3-2: Foul Ball, location: 2F
3-2: Foul Ball, location: 2F
3-2: Strikes out looking
Batting: RHB Michihisa Tanaka 0-0: Ball
1-0: Called Strike
1-1: Ball
2-1: Foul Ball, location: 2F
2-2: Strikes out looking
Top of the 8th over - 0 runs, 0 hits, 0 errors, 1 left on base; Paris 2 - New Jersey 5
BOTTOM OF THE 8TH
New Jersey Devils batting - Pitching for Paris Cubs : LHP Dusty Blubaugh
Now in RF: Shiroku Waki
Batting: RHB Juan Medina 0-0: Called Strike
0-1: Ball
1-1: Ball
2-1: Fly out, F8 (Flyball, 8RXD, EV 82.5 MPH)
Batting: RHB Craig Alvarado 0-0: Swinging Strike
0-1: Foul Ball, location: 2F
0-2: Strikes out looking
Batting: LHB Rick Vallis 0-0: Called Strike
0-1: Called Strike
0-2: Foul Ball, location: 2F
0-2: Strikes out swinging
Bottom of the 8th over - 0 runs, 0 hits, 0 errors, 0 left on base; Paris 2 - New Jersey 5
TOP OF THE 9TH
Paris Cubs batting - Pitching for New Jersey Devils : RHP Mike Whitaker
Pitching: RHP Ken Tayo
Pinch Hitting: LHB Vernon Titterington 0-0: Swinging Strike
0-1: Foul Ball, location: 2F
0-2: Foul Ball, location: 2F
0-2: Foul Ball, location: 2F
0-2: Foul Ball, location: 2F
0-2: Fly out, F8 (Flyball, 8LXD, EV 96.9 MPH)
Batting: RHB Cliff Caudle 0-0: Ball
1-0: Ball
2-0: Ball
3-0: Base on Balls
Batting: RHB Jason Banks 0-0: Called Strike
0-1: Ball
1-1: Ball
2-1: Foul Ball, location: 2F
2-2: Strikes out swinging
Batting: RHB Juan Tarin 0-0: Ball
1-0: Called Strike
1-1: Ball
2-1: Ball
3-1: Called Strike
3-2: DOUBLE (Line Drive, 5D, EV 105.6 MPH)
Cliff Caudle to third
Cliff Caudle scores
Batting: LHB Jeremy Rideout 0-0: Swinging Strike
0-1: Foul Ball, location: 2F
0-2: Foul Ball, location: 2F
0-2: Ball
1-2: Strikes out swinging
Top of the 9th over - 1 run, 1 hit, 0 errors, 1 left on base; Paris 3 - New Jersey 5
Tuesday, March 28th , 2023 - OOTP Baseball 23.10 Build 110